Arrhythmia, chaotic female vampiric Convict # ---------|- ------ |..>......-## -------- |....| ##..........| # |..^.%..########-------- |....|###0###|......^..-#########-......| #.......| |..Y_| ####--------.-- # ###----+--- |......| |..G@| # ##%### ########### #### ## ##.......| -.---- # # ### # # -.------ # # # #### ### ### ##### # # ## ### # # # # # # -.---# ### ### # ### ### # |...|# # # # # # |...|# ################## --.-----# |..<|# -----.-# -.-.- |......-# |..#|# |..^..|# |...| |......| |...-############......| +(..| |.......# -----# |.....| |...| |......|################## ------- |...| -------- ----- Arrhythmia the Jail-bird Experience level: 7 Strength: 14 Dexterity: 16 Constitution: 20 Intelligence: 9 Wisdom: 10 Charisma: 6 Health: 0(75) Energy: 47(47) AC: 1 Gold: 207 Moves: 3433 Your Inventory: Coins $ - 207 gold pieces Armor b - a cursed very burnt +0 striped shirt (being worn) n - an [uncursed] +0 pair of iron shoes (being worn) K - an [uncursed] +0 dwarvish mithril-coat (being worn) M - an [uncursed] +0 iron skull cap [orcish helm] (being worn) Scrolls e - an [uncursed] scroll labeled VE FORBRYDERNE [of identify] g - an [uncursed] scroll labeled FNORD [of gold detection] h - an [uncursed] scroll labeled AQUE BRAGH [of stinking cloud] l - an [uncursed] scroll labeled EIRIS SAZUN IDISI [of teleportation] q - an [uncursed] scroll labeled ANDOVA BEGARIN [of destroy armor] s - an [uncursed] unlabeled scroll [of blank paper] N - an [uncursed] scroll labeled ABRA KA DABRA [of flood] Potions j - a [blessed] indigo potion [of sleeping] Wands k - an [uncursed] wand of fire [0:1] B - an [uncursed] wand of slow monster [0:4] O - an [uncursed] wand of slow monster [0:5] Tools t - an [uncursed] tin opener Gems z - 2 [uncursed] red gems [worthless glass] A - 2 [uncursed] white gems [dilithium crystal] Iron balls c - an [uncursed] rusty heavy iron ball (chained to you) (weapon in hand) Spells known in the end: Name Level Category Fail Memory Your skills at the end: Fighting Skills Weapon Skills sling [Basic / Skilled] Spellcasting Skills Final Attributes: You were piously aligned. Hunger level was -336. Your alignment was 26 / 27. Monster difficulty range was 0 - 6. Level difficulty was 5. You were immune to poison. You were immune to level-drain. You were immune to sickness. You were punished. You could fly. You could survive without air. You regenerated. You were unlucky (-1). Tymora was angry with you (1). You are dead. Vanquished creatures: a black pudding a large mimic an enormous rat a fog cloud a shrieker a violet fungus 3 gnome lords 2 giant ants 2 floating eyes 2 kittens 3 dwarves a kobold shaman a rabid rat a giant bat a monkey a wererat a werejackal an iguana an acid blob a hobbit a large kobold a hobgoblin 3 giant rats a cave spider a yellow mold 8 gnomes a gecko 2 jackals 2 goblins 2 sewer rats 4 lichens 2 kobold zombies 2 newts 57 creatures vanquished. Voluntary challenges: You went without food. You never hit with a wielded weapon. You read items or engraved 2 times. You put on armor 10 times. You never genocided any monsters. You never polymorphed an object. You never changed form. You used no wishes. You abstained from Elbereth's help. You never encountered a bones level. You never used any Sokoban shortcuts. Dungeon overview: The Dungeons of Doom: levels 1 to 5 Level 1 a long staircase Level 2 a fountain Level 3 a general store stairs to The Gnomish Mines Level 5 (Vault) <- You were here a sink The Gnomish Mines: Level 4 stairs to The Dungeons of Doom History has recorded: On T:1 you entered the Dungeons of Doom to retrieve the Amulet of Yendor! On T:256 you reached level 2 of The Dungeons of Doom. On T:728 you advanced to experience level 2. On T:855 you reached level 3 of The Dungeons of Doom. On T:888 you reached level 1 of The Gnomish Mines. On T:894 you advanced to experience level 3. On T:953 you advanced to experience level 4. On T:1064 you advanced to experience level 5. On T:1329 you reached level 4 of The Dungeons of Doom. On T:1539 you advanced to experience level 6. On T:2233 you reached level 5 of The Dungeons of Doom. On T:2332 you advanced to experience level 7. Latest messages: [HP-5=27] The ape hits! (2x) The ape bites! [HP-8=19] The gnomish wizard points at you, then curses. The ape hits! (2x) The ape bites! [HP-6=13] The gnomish wizard points at you, then curses. The ape misses. The ape hits! The ape bites! You regain consciousness. [HP-4=9] [41 turns] You begin praying to Tymora. The gnomish wizard points at you, then curses. The ape hits! (2x) The ape misses. [HP-2=7] The gnomish wizard points at you, then curses. The ape hits! (2x) The ape bites! You die... Final status: Goodbye Arrhythmia the Convict... You died in The Dungeons of Doom on dungeon level 5 with 3213 points, and 207 pieces of gold, after 3433 moves. You were level 7 with a maximum of 75 hit points when you died.